 Seeded DCSS version 0.30-a0-304-gdc4b735fe1 (webtiles) character file.

Game seed: 8848703615492432762 (custom seed)

635 valliere the Insei (level 7, 0/45 HPs)
             Began as an Octopode Transmuter on Oct 20, 2022.
             Slain by an iguana (11 damage)
             ... on level 4 of the Dungeon.
             The game lasted 00:09:18 (2528 turns).

valliere the Insei (Octopode Transmuter)            Turns: 2528, Time: 00:09:18

Health: 0/45       AC:  1    Str: 17    XL:     7   Next: 50%
Magic:  10/10      EV: 14    Int: 16    God:
Gold:   194        SH:  0    Dex: 18    Spells: 9/10 levels left

rFire   . . .      SeeInvis .      - Unarmed
rCold   . . .      Faith    .    (no shield)
rNeg    . . .      Spirit   .    (helmet restricted)
rPois   .          Reflect  .    (no amulet)
rElec   .          Harm     .    g - +6 ring of strength
rCorr   .          Rampage  .    o - +6 ring of dexterity
Will    .....                    (no ring)
Stlth   ++++......               (no ring)
HPRegen 0.27/turn                (no ring)
MPRegen 0.12/turn                (no ring)
                                 (no ring)
                                 (no ring)

@: no status effects
A: almost no armour, amphibious, 8 rings, camouflage 1, gelatinous body 1,
(nimble swimmer 1), tentacles
a: no special abilities


You were on level 4 of the Dungeon.
You visited 1 branch of the dungeon, and saw 4 of its levels.

You collected 194 gold pieces.

Inventory:

Missiles
 b - 4 poisoned darts
 f - 4 silver boomerangs
 r - 3 boomerangs (quivered)
 s - 4 silver javelins
Jewellery
 g - a +6 ring of strength (left tentacle)
 o - a +6 ring of dexterity (right tentacle)
Scrolls
 a - a scroll of summoning {unknown}
 c - 2 scrolls of teleportation {unknown}
 e - a scroll of noise {unknown}
 j - a scroll of enchant armour {unknown}
 l - a scroll of silence {unknown}
 n - a scroll of enchant weapon {unknown}
 p - a scroll of immolation {unknown}
Potions
 d - a potion of berserk rage {unknown}
 h - 2 potions of experience {unknown}
 i - a potion of curing
 k - a potion of brilliance
 m - a potion of might {unknown}
 q - a potion of attraction {unknown}


   Skills:
 + Level 2.6 Fighting
 + Level 2.4 Throwing
 + Level 3.5 Dodging
 + Level 3.6 Stealth
 * Level 5.0 Unarmed Combat
 - Level 2.0 Spellcasting
 + Level 3.3 Transmutations
 + Level 2.5 Poison Magic


You had 9 spell levels left.
You knew the following spells:

 Your Spells              Type           Power      Damage    Failure   Level
a - Beastly Appendage     Tmut           24%        N/A       5%          1

Your spell library contained the following spells:

 Spells                   Type           Power      Damage    Failure   Level
 Wereblood                Tmut           12%        N/A       8%          2
 Spider Form              Tmut/Pois      11%        N/A       19%         3
 Cigotuvi's Dreadful Rot  Necr/Pois/Air  8%         N/A       22%         2
 Scorch                   Fire           2%         2d5       30%         2
 Vampiric Draining        Necr           1%         2d6       52%         3
 Vhi's Electric Charge    Tloc/Air       2%         N/A       52%         3
 Olgreb's Toxic Radiance  Pois           9%         N/A       56%         4
 Ice Form                 Ice/Tmut       7%         N/A       71%         4
 Sticky Flame             Conj/Fire      1%         2d3       90%         4
 Arcjolt                  Conj/Air       0%         1d10      99%         5
 Fireball                 Conj/Fire      0%         3d3       99%         5
 Ozocubu's Refrigeration  Ice            0%         4d7       100%        7
 Ignition                 Fire           0%         3d3       100%        8
 Maxwell's Capacitive Co  Air            0%         ∞         100%        8


Dungeon Overview and Level Annotations

Branches:
Dungeon (4/15)
 Temple: D:4-7

Altars:

Annotations:
D:3 2 transporters


Innate Abilities, Weirdness & Mutations

You cannot wear most types of armour.
You are amphibious.
You can wear up to eight rings at the same time.
Your skin changes colour to match your surroundings (Stealth+).
Your rubbery body absorbs attacks. (AC +1, EV +1)
((You are camouflaged when in or above water. (Stealth+)))
You have tentacles for arms and can constrict up to eight enemies at once.


Message History

The orc wizard is moderately wounded.
The orc wizard casts a spell at you. The magic dart hits you.
You barely miss the orc wizard. Your grab misses the orc wizard.
Your squeeze misses the orc wizard.
The orc wizard is moderately wounded.
The orc wizard gestures wildly while chanting.
The orc wizard flickers and vanishes!
Deactivating autopickup; reactivate with Ctrl-A.
The orc wizard hits you with a +0 dagger.
You closely miss the orc wizard. You grab the orc wizard.
The orc wizard is moderately wounded.
You constrict the orc wizard.
The orc wizard hits you with a +0 dagger.
You tentacle-slap the iguana but do no damage.
Your grab misses the iguana. You constrict the orc wizard.
The orc wizard points at you and mumbles some strange words.
The puff of flame hits you! The iguana barely misses you.
You tentacle-slap the iguana but do no damage.
You grab the iguana. You squeeze the iguana!
The iguana is heavily wounded.
You constrict the orc wizard. You constrict the iguana.
The orc wizard misses you. The iguana misses you.
You tentacle-slap the orc wizard. x2
You kill the orc wizard!
You constrict the iguana, but do no damage.
The iguana bites you!
Your Unarmed Combat skill increases to level 5!
You bludgeon the orc priest! You grab the orc priest.
The orc priest is heavily wounded.
You constrict the orc priest. You constrict the iguana.
The iguana barely misses you. The orc priest hits you with a +0 club.
* * * LOW HITPOINT WARNING * * *
You tentacle-slap the orc priest.
You kill the orc priest!
You constrict the iguana. The iguana barely misses you.
You tentacle-slap the iguana.
The iguana is almost dead.
You constrict the iguana. The iguana bites you!
You die...

.......##....#
#.#
.............#
#.#
....##.......#
#[#
###.####.....#
#.# #..
..######.# ###
#........#
..####..##
#...# #@#†.#
#...)l..##
.....o.####
##....# #....
...... #..##
##.


You could see an iguana and an orc.

Vanquished Creatures
  2 black bears
  An ogre (D:4)
  A necrophage (D:4)
  An orc priest (D:4)
  2 hounds (D:4)
  An iguana (D:4)
  Natasha (D:2)
  An orc wizard (D:4)
  5 adders
  An ufetubus (D:4)
  3 worms (D:2)
  A dart slug (D:1)
  An orc (D:4)
  10 ball pythons
  7 endoplasms
  4 giant cockroaches
  7 goblins
  6 hobgoblins
  2 jackals (D:1)
  7 kobolds
  3 quokkas
  5 bats
  2 frilled lizards (D:1)
  8 rats
82 creatures vanquished.

Notes
Turn   | Place    | Note
-------+----------+-------------------------------------------
     0 | D:1      | valliere the Octopode Transmuter began the quest for the
                  | Orb.
     0 | D:1      | Reached XP level 1. HP: 13/13 MP: 3/3
   193 | D:1      | Reached XP level 2. HP: 7/18 MP: 5/5
   360 | D:1      | Reached skill level 1 in Stealth
   471 | D:1      | Reached XP level 3. HP: 22/23 MP: 6/6
   679 | D:2      | Got the Catalogue of Evil and the Blaze
  1015 | D:2      | Reached XP level 4. HP: 16/28 MP: 7/7
  1372 | D:2      | Noticed Natasha
  1382 | D:2      | Killed Natasha
  1400 | D:2      | Reached skill level 1 in Throwing
  1400 | D:2      | Reached skill level 1 in Poison Magic
  1579 | D:3      | Reached XP level 5. HP: 34/34 MP: 8/8
  1656 | D:3      | Found a transporter.
  1665 | D:3      | Noticed a black bear
  1670 | D:3      | Killed a black bear
  1671 | D:3      | Reached skill level 4 in Unarmed Combat
  1740 | D:3      | Found a transporter.
  1750 | D:3      | Reached XP level 6. HP: 39/39 MP: 9/9
  2208 | D:4      | Noticed a black bear
  2217 | D:4      | Killed a black bear
  2346 | D:4      | Reached XP level 7. HP: 43/45 MP: 10/10
  2526 | D:4      | Reached skill level 5 in Unarmed Combat
  2528 | D:4      | Slain by an iguana

Illustrated notes

Levels and vault maps discovered:
D:1:      minmay_arrival_widening_spiral_wide, layout_basic
D:2:      layout_loops_ring, kennysheep_nondescript, uniq_natasha
D:3:      layout_loops_ring, gammafunk_ghost_abyssal_escape
D:4:      layout_rooms, regret_index_temple_of_mockery,
          minmay_temple_entry_from_below_a

Skill      XL: |  1  2  3  4  5  6  7 |
---------------+----------------------+-----
Stealth        | 1 2 3 |  3.6
Throwing       | 1 2 |  2.4
Poison Magic   | 1 2 |  2.5
Fighting       | 2 |  2.6
Unarmed Combat | 4 5 |  5.0
Dodging        | 3 |  3.5
Transmutations | 3 |  3.3
Spellcasting   | |  2.0

Action                   |  1- 3 |  4- 6 |  7- 9 || total
-------------------------+-------+-------+-------++-------
Melee: Unarmed           |    64 |    46 |    27 ||   137
       Constrict         |    17 |    10 |     5 ||    32
       Tentacles         |     9 |     8 |     5 ||    22
       Punch             |     2 |     2 |     1 ||     5
Throw: Boomerang         |    11 |    48 |    11 ||    70
  Use: Potion            |     2 |     1 |       ||     3
 Stab: Sleeping          |     8 |     6 |     1 ||    15
       Distracted        |     2 |       |       ||     2
Armor: Skin              |     7 |     7 |       ||    14
Dodge: Dodged            |    41 |    21 |    16 ||    78

Table legend: (Time is in decaauts)
 A = Elapsed time spent in this place.
 B = Non-inter-level travel time spent in this place.
 C = Inter-level travel time spent in this place.
 D = Time resting spent in this place.
 E = Time spent auto-exploring this place.
 F = Levels seen in this place.
 G = Mean time per level.
                   A        B        C        D        E       F      G
               +--------+--------+--------+--------+--------+-----+--------+
         Total |   2533 |   2493 |     40 |      0 |   1979 |   4 |  633.2 |
       Dungeon |   2533 |   2493 |     40 |      0 |   1979 |   4 |  633.2 |
               +--------+--------+--------+--------+--------+-----+--------+

Top non-repeatable levels by time:
     D:2: 898 daAuts
     D:1: 673 daAuts
     D:3: 640 daAuts
     D:4: 321 daAuts
